 Dungeon Crawl Stone Soup version 0.31.0-32-g396128a36d (webtiles) character file.

Game seed: 2115695257415390160

566 Fractals the Sneak (level 7, -1/44 HPs)
             Began as a Kobold Brigand on Apr 13, 2024.
             Was an Initiate of Gozag.
             Slain by an ogre
             ... wielding a +0 giant spiked club
              (19 damage)
             ... on level 5 of the Dungeon.
             The game lasted 00:12:58 (3489 turns).

Fractals the Sneak (Kobold Brigand)                 Turns: 3489, Time: 00:12:59

Health: -1/44      AC:  9    Str: 11    XL:     7   Next: 59%
Magic:  7/7        EV: 13    Int: 12    God:    Gozag
Gold:   231        SH:  0    Dex: 22    Spells: 6/6 levels left

rFire   . . .        a - +2 dagger
rCold   . . .        (no shield)
rNeg    . . .        k - +0 ring mail
rPois   .            q - +0 helmet
rElec   .            c - +0 cloak
rCorr   .            b - +0 pair of gloves
SInv    .            (no boots)
Will    .....        f - amulet of the acrobat
Stlth   ++++         t - +6 ring of dexterity
HPRegen 0.27/turn    (no ring)
MPRegen 0.10/turn

%: acrobat
@: no status effects
A: small, no large weapons, nightstalker 3
a: Renounce Religion, Potion Petition, Call Merchant, Bribe Branch


You were on level 5 of the Dungeon.
You worshipped Gozag.
Gozag was aware of your devotion.
You visited 2 branches of the dungeon, and saw 6 of its levels.

You collected 301 gold pieces.
You paid 70 gold pieces to Gozag.

Inventory:

Hand Weapons
 a - a +2 dagger (weapon)
Missiles
 d - 10 poisoned darts (quivered)
 e - 3 curare-tipped darts
Armour
 b - a +0 pair of gloves (worn)
 c - a +0 cloak (worn)
 k - a +0 ring mail (worn)
 q - a +0 helmet (worn)
Jewellery
 f - an amulet of the acrobat (around neck)
 t - a +6 ring of dexterity (left hand)
 x - a ring of positive energy
 y - a ring of resist corrosion
Scrolls
 g - a scroll of enchant armour {unknown}
 i - a scroll of blinking
 j - a scroll of enchant weapon {unknown}
 m - a scroll of poison
 n - a scroll of brand weapon {unknown}
 u - 2 scrolls of fear {unknown}
 v - a scroll of noise {unknown}
 z - a scroll of immolation {unknown}
 A - a scroll of identify
 B - a scroll of revelation {unknown}
Potions
 h - a potion of might
 l - 2 potions of curing
 p - a potion of cancellation
 r - 2 potions of haste
 s - a potion of brilliance {unknown}
 w - a potion of berserk rage {unknown}


   Skills:
 + Level 4.7 Fighting
 - Level 3.7(4.0) Short Blades
 - Level 1.0(1.7) Long Blades
 + Level 3.2 Throwing
 - Level 4.0 Armour
 - Level 2.0 Dodging
 - Level 6.0 Stealth


You had 6 spell levels left.
You didn't know any spells.
Your spell library contained the following spells:

 Spells                   Type           Power      Damage    Failure   Level
 Vhi's Electric Charge    Tloc/Air       0%         N/A       100%        4
 Arcjolt                  Conj/Air       0%         1d10      100%        5
 Maxwell's Capacitive Co  Air            0%         ∞         100%        8


Dungeon Overview and Level Annotations

Branches:
Dungeon (5/15)             Temple (1/1) D:4

Altars:
Ashenzari
Cheibriados
Dithmenos
Fedhas
Gozag
Hepliaklqana
Kikubaaqudgha
Makhleb
Nemelex Xobeh
Okawaru
Ru
Sif Muna
Trog
Vehumet
Yredelemnul

Shops:
D:1 [

Annotations:
D:5 Pikel


Innate Abilities, Weirdness & Mutations

You are small and have problems with some larger weapons.
You are completely attuned to the shadows.


Message History

You kill the orc priest!
No target in view!
No target in view!
You now have 231 gold pieces (gained 6).
Things that are here:
a +0 short sword; a +0 scale mail You start resting.
An ogre comes into view. It is wielding a +0 giant spiked club.
Throw: 13 darts (poison)
Press: ? - help, Q - select action, (/) - cycle Shift-Dir - straight line, f - ogre
Aim: an ogre, wielding a +0 giant spiked club (wandering, hasn't noticed you, 77% to hit)
You throw a poisoned dart. The poisoned dart hits the ogre.
The ogre is poisoned.
The ogre shouts!
You hear an angry hiss.
Throw: 12 darts (poison)
Press: ? - help, Q - select action, (/) - cycle Shift-Dir - straight line, f/p - ogre
Aim: an ogre, wielding a +0 giant spiked club (lightly wounded, poisoned, 77% to hit)
You throw a poisoned dart.
The poisoned dart barely misses the ogre.
Throw: 11 darts (poison)
Press: ? - help, Q - select action, (/) - cycle Shift-Dir - straight line, f/p - ogre
Aim: an ogre, wielding a +0 giant spiked club (lightly wounded, poisoned, 77% to hit)
You throw a poisoned dart. The poisoned dart hits the ogre.
The ogre looks even sicker.
The ogre is lightly wounded.
An adder comes into view.
You hit the ogre.
The ogre is moderately wounded.
You hit the ogre.
The ogre is moderately wounded.
The ogre hits you with a +0 giant spiked club!
You are too injured to fight recklessly!
You are too injured to fight recklessly!
Unknown command.
You hit the ogre but do no damage.
The ogre is moderately wounded.
The ogre hits you with a +0 giant spiked club!!
You die...
Your body crumbles into a pile of gold.

......... .........
....lo... .. #<#
##### #.#
##.######...###.##
#.<.#............#
#...#..S.((......#
#...'.)O(........#
#..##.@####.###(##
#. #### #.# #.####
. ... #......
#...... ...?
#...... #....#
#(.....# #....#
##.##..#
......#######.##..#
..........o.......#


You could see an ogre (very poisoned) and an adder.

Vanquished Creatures
  A phantom (D:4)
  Blork the orc (D:4)
  A scorpion (D:4)
  A bombardier beetle (D:5)
  2 orc priests
  2 iguanas
  Robin (D:3)
  4 gnolls
  7 adders
  6 ribbon worms
  3 dart slugs
  8 orcs
  5 ball pythons
  4 bats
  5 endoplasms
  3 giant cockroaches
  12 goblins
  7 hobgoblins
  2 jackals (D:3)
  3 quokkas
  3 frilled lizards (D:3)
  5 kobolds
  9 rats
95 creatures vanquished.

Notes
Turn   | Place    | Note
-------+----------+-------------------------------------------
     0 | D:1      | Fractals the Kobold Brigand began the quest for the Orb.
     0 | D:1      | Reached XP level 1. HP: 12/12 MP: 1/1
    55 | D:1      | Found Qiucroev's Armour Shop.
    58 | D:1      | Reached XP level 2. HP: 18/18 MP: 2/2
   150 | D:1      | Reached skill level 1 in Long Blades
   378 | D:1      | Reached XP level 3. HP: 22/22 MP: 3/3
   883 | D:2      | Reached XP level 4. HP: 28/28 MP: 4/4
  1212 | D:3      | Reached skill level 1 in Armour
  1650 | D:3      | Reached XP level 5. HP: 30/32 MP: 5/5
  1807 | D:3      | Reached skill level 6 in Stealth
  1843 | D:3      | Noticed Robin
  1872 | D:3      | Killed Robin
  2699 | D:3      | Reached XP level 6. HP: 23/37 MP: 6/6
  3023 | D:4      | Found a staircase to the Ecumenical Temple.
  3029 | Temple   | Entered the Ecumenical Temple
  3044 | Temple   | Became a worshipper of Gozag Ym Sagoz the Greedy
  3163 | D:4      | Noticed Blork the orc
  3179 | D:4      | Reached XP level 7. HP: 42/43 MP: 7/7
  3207 | D:4      | Killed Blork the orc
  3276 | D:4      | Found a broken altar of Ashenzari.
  3280 | D:5      | Entered Level 5 of the Dungeon
  3408 | D:5      | Noticed Pikel
  3489 | D:5      | Slain by an ogre

Illustrated notes

Levels and vault maps discovered:
D:1:      minmay_arrival_open_corners, layout_basic, serial_shops,
          nicolae_square_shop, nicolae_concentric_dashed_squares_wild
D:2:      layout_rooms, minmay_curled_crystal
D:3:      layout_loops_ring, cheibrodos_sewer_entry_bend, st_stairs_4,
          uniq_robin
D:4:      layout_cave_pools, ashenzari_altar_1, minmay_temple_entry_fiery,
          uniq_blork_the_orc
D:5:      layout_gridville, minmay_misc_feat_tiny, uniq_grinder, uniq_pikel,
          uniq_eustachio
Temple:   nicolae_temple_ecumenical_triangle

Skill      XL: |  1  2  3  4  5  6  7 |
---------------+----------------------+-----
Long Blades    | 1 |  1.0
Fighting       | 3 4 |  4.7
Dodging        | 2 |  2.0
Throwing       | 3 |  3.2
Armour         | 1 2 3 4 |  4.0
Stealth        | 6 |  6.0
Short Blades   | 3 |  3.7

Action                     |  1- 3 |  4- 6 |  7- 9 || total
---------------------------+-------+-------+-------++-------
  Melee: Dagger            |    53 |   235 |    52 ||   340
         Punch             |       |     2 |     2 ||     4
  Throw: Dart              |     5 |    25 |    12 ||    42
    Use: Scroll            |     1 |     6 |     2 ||     9
         Potion            |       |     2 |       ||     2
   Stab: Sleeping          |    16 |    14 |       ||    30
         Distracted        |     1 |       |     1 ||     2
 Armour: Robe              |    18 |    21 |       ||    39
         Ring mail         |       |    87 |    23 ||   110
  Dodge: Dodged            |    31 |   122 |    24 ||   177
